 Seeded DCSS version 0.32-a0-975-g85d4e5bfdb (webtiles) character file.

Game seed: 202404189 (custom seed)

66537 Orlauf the Warrior (level 14, -5/123 HPs)
             Began as a Demonspawn Gladiator on Apr 18, 2024.
             Was a Priest of Uskayaw.
             Slain by Rupert
             ... wielding a +3 great sword of holy wrath
              (10 damage)
             ... on level 4 of the Lair of Beasts.
             The game lasted 00:32:17 (17424 turns).

Orlauf the Warrior (Demonspawn Gladiator)          Turns: 17424, Time: 00:32:18

Health: -5/123     AC: 34    Str: 18    XL:     14   Next: 79%
Magic:  24/24      EV:  2    Int: 11    God:    Uskayaw [***...]
Gold:   940        SH: 10    Dex: 14    Spells: 13/13 levels left

rFire   + + .        b - +5 halberd (venom)
rCold   + + .        (shield currently unavailable)
rNeg    . . .        U - +2 gold dragon scales
rPois   +            L - +2 hat {Stlth+}
rElec   .            z - scarf {repulsion}
rCorr   .            Z - +1 pair of gloves
SInv    .            Q - +1 pair of boots
Will    +....        W - amulet of regeneration Stlth
                     p - +4 ring of slaying
HPRegen 2.00/turn    w - ring of protection from cold
MPRegen 0.19/turn

%: repel missiles
@: studying Ranged Weapons
A: horns 2, large bone plates 2, icemail 2, spiny 1, condensation shield, fire
resistance 1, regeneration 1
a: Renounce Religion, Stomp, Line Pass


You were on level 4 of the Lair of Beasts.
You worshipped Uskayaw.
Uskayaw was pleased with you.
You visited 3 branches of the dungeon, and saw 20 of its levels.
You also visited: Ossuary and Bailey.

You collected 1690 gold pieces.
You spent 750 gold pieces at shops.

Inventory:

Hand Weapons
 a - a +0 demon trident of freezing
 b - a +5 halberd of venom (weapon)
 G - a +0 heavy glaive
Missiles
 d - 13 throwing nets
 i - 7 javelins
 n - 34 poisoned darts
 H - 16 curare-tipped darts (quivered)
Armour
 z - a scarf of repulsion (worn)
 L - a +2 hat of stealth (worn)
 Q - a +1 pair of boots (worn)
 S - +2 ice dragon scales
 U - +2 gold dragon scales (worn)
 Z - a +1 pair of gloves (worn)
Jewellery
 p - a +4 ring of slaying (left hand)
 q - a ring of protection from fire
 w - a ring of protection from cold (right hand)
 D - an amulet of faith
 E - a ring of willpower
 M - a ring of protection from cold
 P - a +6 ring of intelligence
 V - a ring of magical power
 W - an amulet of regeneration (around neck)
Wands
 e - a wand of light (10)
 f - a wand of mindburst (8)
 l - a wand of digging (3)
 F - a wand of charming (24)
 I - a wand of polymorph (24)
 K - a wand of flame (13)
 Y - a wand of iceblast (9)
Scrolls
 j - 6 scrolls of teleportation
 r - 2 scrolls of silence
 t - 8 scrolls of identify
 u - 4 scrolls of fear
 v - 2 scrolls of enchant armour
 y - 4 scrolls of fog
 C - 5 scrolls of vulnerability
 O - a scroll of brand weapon
 R - a scroll of poison
 T - a scroll of revelation
Potions
 c - 5 potions of mutation
 g - 6 potions of enlightenment
 h - 2 potions of haste
 k - a potion of heal wounds
 m - a potion of magic
 o - 9 potions of curing
 s - a potion of invisibility
 x - 3 potions of ambrosia
 A - a potion of resistance
 B - a potion of cancellation
 J - 2 potions of might
 X - a potion of attraction
Miscellaneous
 N - a lightning rod (4/4)


   Skills:
 + Level 15.2 Fighting
 * Level 15.0 Polearms
 - Level 1.7 Throwing
 + Level 9.8 Armour
 - Level 2.6 Dodging
 + Level 13.9 Invocations


You had 13 spell levels left.
You didn't know any spells.
Your spell library contained the following spells:

 Spells                   Type           Power      Damage    Failure   Level
 Slow                     Hex            0%         N/A       100%        1
 Blink                    Tloc           0%         N/A       100%        2
 Call Imp                 Summ           0%         N/A       100%        2
 Lesser Beckoning         Tloc           0%         N/A       100%        2
 Momentum Strike          Conj/Tloc      0%         3d8       100%        2
 Scorch                   Fire           0%         2d5       100%        2
 Sublimation of Blood     Necr           0%         N/A       100%        2
 Call Canine Familiar     Summ           0%         N/A       100%        3
 Confusing Touch          Hex            0%         N/A       100%        3
 Sigil of Binding         Hex            0%         N/A       100%        3
 Summon Ice Beast         Ice/Summ       0%         N/A       100%        3
 Vampiric Draining        Necr           0%         2d6       100%        3
 Brom's Barrelling Bould  Conj/Erth      0%         2d3       100%        4
 Dimensional Bullseye     Hex/Tloc       0%         N/A       100%        4
 Flame Wave               Conj/Fire      0%         2d4       100%        4
 Summon Blazeheart Golem  Fire/Summ      0%         N/A       100%        4
 Borgnjor's Vile Clutch   Necr/Erth      0%         N/A       100%        5
 Fireball                 Conj/Fire      0%         3d3       100%        5
 Iskenderun's Battlesphe  Conj           0%         2d6       100%        5
 Summon Forest            Summ/Tloc      0%         N/A       100%        5
 Summon Mana Viper        Hex/Summ       0%         N/A       100%        5
 Bombard                  Conj/Erth      0%         9d1       100%        6
 Conjure Ball Lightning   Conj/Air       0%         3x3d6     100%        6
 Dispersal                Tloc           0%         N/A       100%        6
 Gell's Gavotte           Tloc           0%         2d(11-16) 100%        6
 Sculpt Simulacrum        Ice/Alch       0%         N/A       100%        6
 Summon Cactus Giant      Summ           0%         N/A       100%        6
 Manifold Assault         Tloc           0%         N/A       100%        7
 Monstrous Menagerie      Summ           0%         N/A       100%        7
 Orb of Destruction       Conj           0%         9d5       100%        7
 Ozocubu's Refrigeration  Ice            0%         4d7       100%        7
 Seismic Cannonade        Alch/Erth      0%         6d4       100%        7
 Spellforged Servitor     Conj/Summ      0%         N/A       100%        7
 Summon Hydra             Summ           0%         N/A       100%        7
 Disjunction              Tloc           0%         N/A       100%        8
 Lehudib's Crystal Spear  Conj/Erth      0%         10d2      100%        8
 Polar Vortex             Ice            0%         N/A       100%        9


Dungeon Overview and Level Annotations

Branches:
Dungeon (15/15)            Temple (1/1) D:6            Lair (4/5) D:11
  Swamp (0/4) Lair:2        Snake (0/4) Lair:3          Orc (0/2) D:11
 Vaults (0/5) D:13         Depths (0/4) D:15        Ossuary (visited)
 Bailey (visited)
  Slime: Lair:4-5

Altars:
Ashenzari
Cheibriados
Dithmenos
Fedhas
Gozag
Hepliaklqana
Kikubaaqudgha
Makhleb
Nemelex Xobeh
Okawaru
Qazlal
Ru
Sif Muna
Trog
Uskayaw
Vehumet
Wu Jian
Xom
Yredelemnul
Beogh

Shops:
D:1 *   D:4 =   D:6 *:   D:8 *   D:9 !

Annotations:
Lair:4 2 transporters, Rupert


Innate Abilities, Weirdness & Mutations

You have a pair of horns on your head.
You are mostly covered in large bone plates. (SH +6)
A meltable icy envelope protects you from harm. (AC +8)
You are partially covered in sharp spines.
A meltable shield of frost defends you. (SH +4)
Your flesh is heat resistant. (rF+)
Your natural rate of healing is unusually fast.


Message History

* * * LOW HITPOINT WARNING * * *
You are too injured to fight recklessly!
You are too injured to fight recklessly!
You are too injured to fight recklessly!
You are too injured to fight recklessly!
You are too injured to fight recklessly!
You are too injured to fight recklessly!
You are too injured to fight recklessly!
You are too injured to fight recklessly!
You are too injured to fight recklessly!
Okay, then.
You feel much better. You block Rupert's attack.
Throw: 16 darts (curare)
Press: ? - help, Q - select action, (/) - cycle Shift-Dir - straight line, f/p - Rupert
Aim: Rupert, wielding a +3 great sword of holy wrath and wearing a +0 leather armour (severely wounded, berserk, extremely poisoned, 68% to hit)
Okay, then.
Okay, then.
Rupert hits you but does no damage. Rupert attacks as he pursues you!
Rupert is struck by your spines.
Rupert hits you with a +3 great sword of holy wrath!!
* * * LOW HITPOINT WARNING * * *
You convulse!
* * * LOW HITPOINT WARNING * * *
You feel much better. Rupert hits you but does no damage.
Rupert hits you with a +3 great sword of holy wrath!
* * * LOW HITPOINT WARNING * * *
You convulse.
* * * LOW HITPOINT WARNING * * *
You slice Rupert!!
Rupert looks as sick as possible!
You headbutt Rupert.
Rupert is almost dead.
Rupert barely misses you.
You barely miss Rupert. Your headbutt misses Rupert.
Rupert is almost dead.
Rupert is struck by your spines.
Rupert hits you with a +3 great sword of holy wrath!
* * * LOW HITPOINT WARNING * * *
You convulse!
You die...
Rupert roars with triumph.
Your body falls in perfect tune with the rhythm.

#.## ...# ....##...
...## ...# #.....# ..#
#...# ...###....##
#.###...#
†#.##......###..#...##
#..##.....##....#....#
.#'.#...............#
....................#
................@...##
.................@...#
...........###..##..##
...###.....# #..##...#
..## ####### #####...#
...# #.P## ...# #..P
...## ....# ..<.#
#...#


You could see Rupert (berserk, extremely poisoned).

Vanquished Creatures
  Gastronok (Lair:2)
  An ironbound preserver (D:13)
  A dire elephant (D:15)
  Harold (D:9)
  5 hydras
  4 boulder beetles
  2 catoblepae
  2 ogre magi
  A centaur warrior (D:15)
  4 death yaks
  8 two-headed ogres
  4 tengu warriors
  Urug (Lair:2)
  4 skysharks
  The ghost of Stellion the Cudgeller, a novice DrCj of Sif Muna (D:8)
  5 skeletal warriors
  A glowing orange brain (D:13)
  5 deep elf pyromancers
  A deep elf zephyrmancer (D:10)
  A wolf spider (D:13)
  An orc knight (D:14)
  5 cyclopes
  2 manticores
  2 orc sorcerers (D:10)
  Joseph (D:7)
  3 meliai (D:15)
  3 ugly things
  A water nymph (D:15)
  An unseen horror (D:13)
  8 cane toads
  Maggie (D:7)
  3 komodo dragons
  A rime drake (Lair:3)
  A kobold demonologist (D:12)
  A rime drake (shapeshifter) (D:14)
  A freezing wraith (D:15)
  4 tengu conjurers
  An efreet (D:14)
  4 trolls
  A troll (shapeshifter) (D:14)
  5 polar bears (Lair:1)
  23 blink frogs
  2 slime creatures (D:15)
  2 shadows (D:10)
  31 yaks
  2 wraiths
  5 wyverns
  2 basilisks (Lair:1)
  A warg (D:11)
  4 vampire mosquitoes
  2 swamp worms (Lair:2)
  11 water moccasins
  5 orc warriors
  A sky beast (D:6)
  An ice beast (D:5)
  7 black bears
  4 wolves (Bailey)
  5 centaurs
  5 boggarts (D:14)
  2 phantoms (D:4)
  11 kobold brigands
  10 gnoll sergeants
  15 bullfrogs
  7 scorpions
  34 wights
  7 killer bees
  A bombardier beetle (D:5)
  2 bullfrog zombies (Ossuary)
  6 hounds
  3 jellies
  10 gnoll boudas
  5 orc priests
  A human skeleton (D:4)
  5 mummies (Ossuary)
  3 iguanas
  11 orc wizards
  Natasha (thrice) (D:2)
  4 hell rats (Lair:1)
  4 crocodile zombies (Ossuary)
  6 hound zombies (Ossuary)
  A hound skeleton (D:4)
  4 howler monkey zombies (Ossuary)
  7 adders
  36 gnolls
  A shadow imp (D:5)
  A white imp (D:5)
  2 ufetubi (D:5)
  2 ribbon worms (D:2)
  A dart slug (D:5)
  37 orcs
  6 endoplasms
  4 giant cockroaches
  10 goblins
  5 hobgoblins
  14 kobolds
  5 quokkas
  10 ball pythons
  4 ball python zombies (Ossuary)
  4 bats
  5 frilled lizards
  8 rats
533 creatures vanquished.

Notes
Turn   | Place    | Note
-------+----------+-------------------------------------------
     0 | D:1      | Orlauf the Demonspawn Gladiator began the quest for the
                  | Orb.
     0 | D:1      | Reached XP level 1. HP: 16/16 MP: 1/1
   196 | D:1      | Gained mutation: You have a pair of small horns on your
                  | head. [demonic ancestry]
   196 | D:1      | Reached XP level 2. HP: 12/22 MP: 2/2
   523 | D:1      | Found Yssimmel's Assorted Antiques.
   835 | D:2      | Noticed Natasha
   839 | D:2      | Killed Natasha
   840 | D:2      | Gained mutation: You are partially covered in large bone
                  | plates. (SH +4) [demonic ancestry]
   840 | D:2      | Reached XP level 3. HP: 28/28 MP: 3/3
  1393 | D:2      | Noticed Natasha
  1402 | D:2      | HP: 1/28 [cerulean imp/+0 spear[Natasha] (3)]
  1403 | D:2      | Gained mutation: Your natural rate of healing is unusually
                  | fast. [potion of mutation]
  1403 | D:2      | Gained mutation: Your flesh is heat resistant. (rF+)
                  | [potion of mutation]
  1406 | D:2      | Killed Natasha
  1407 | D:2      | Gained mutation: A meltable shield of frost defends you.
                  | (SH +4) [demonic ancestry]
  1407 | D:2      | Reached XP level 4. HP: 7/35 MP: 4/4
  1489 | D:2      | Noticed Natasha
  1498 | D:2      | Killed Natasha
  1623 | D:3      | Reached XP level 5. HP: 41/41 MP: 5/5
  1976 | D:3      | Found a faded altar of an unknown god.
  1982 | D:3      | Found a basalt altar of Yredelemnul.
  2123 | D:3      | Found an opulent altar of Gozag.
  2229 | D:3      | Identified the +1 sling of Nil Vaerr {flame, rN+ Str+6
                  | Int-3}
  2273 | D:3      | Found a shimmering blue altar of Sif Muna.
  2445 | D:4      | Found a sand-covered staircase.
  2450 | Ossuary  | Entered an ossuary
  2473 | Ossuary  | Reached skill level 5 in Polearms
  2501 | Ossuary  | Gained mutation: You are partially covered in sharp spines.
                  | [demonic ancestry]
  2501 | Ossuary  | Reached XP level 6. HP: 48/48 MP: 6/6
  2703 | Ossuary  | Reached XP level 7. HP: 54/55 MP: 7/7
  2879 | D:4      | Reached skill level 5 in Fighting
  3175 | D:4      | Found a burning altar of Makhleb.
  3566 | D:4      | Reached XP level 8. HP: 63/64 MP: 8/8
  3604 | D:4      | Found Hyvoruma's Jewellery Shoppe.
  3689 | D:5      | Entered Level 5 of the Dungeon
  4393 | D:6      | Found a sacrificial altar of Ru.
  4419 | D:6      | Found Eseozay's Lightly-Used Armoury.
  4611 | D:6      | Gained mutation: You are mostly covered in large bone
                  | plates. (SH +6) [demonic ancestry]
  4611 | D:6      | Reached XP level 9. HP: 34/72 MP: 9/9
  4702 | D:6      | Found a hide-covered altar of Uskayaw.
  4741 | D:6      | Found an iron altar of Okawaru.
  4775 | D:6      | Became a worshipper of Uskayaw the Reveller
  4874 | D:6      | Found Jaequk's Book Shop.
  4930 | D:6      | Reached * piety under Uskayaw
  4931 | D:6      | Reached ** piety under Uskayaw
  4953 | D:6      | Found a staircase to the Ecumenical Temple.
  4969 | Temple   | Entered the Ecumenical Temple
  5202 | D:6      | Reached skill level 1 in Invocations
  5414 | D:7      | Reached *** piety under Uskayaw
  5501 | D:7      | Noticed Maggie
  5527 | D:7      | Killed Maggie
  5527 | D:7      | Reached **** piety under Uskayaw
  5528 | D:7      | Reached skill level 10 in Polearms
  5528 | D:7      | Reached skill level 1 in Armour
  5633 | D:7      | Reached ***** piety under Uskayaw
  5645 | D:7      | Reached ****** piety under Uskayaw
  5684 | D:7      | Noticed Joseph
  5695 | D:7      | Killed Joseph
  5894 | D:7      | You fall into a shaft and drop 2 floors!
  5946 | D:9      | Noticed a troll
  5953 | D:9      | Killed a troll
  5954 | D:9      | Reached XP level 10. HP: 58/82 MP: 11/13
  5992 | D:8      | Found a runed translucent gate.
  5992 | D:8      | Found a runed translucent gate.
  5992 | D:8      | Found a runed translucent gate.
  6064 | D:8      | Noticed Stellion's ghost (novice DrCj)
  6453 | D:7      | Reached skill level 5 in Invocations
  6751 | D:8      | Found a sparkling altar of Nemelex Xobeh.
  6945 | D:8      | Found Ahownoj's Mail-Order Catalogue.
  7106 | D:8      | Found a snail-covered altar of Cheibriados.
  7176 | D:8      | Killed Stellion's ghost
  7177 | D:8      | Reached skill level 10 in Fighting
  7401 | D:9      | Noticed a tengu warrior
  7402 | D:9      | Noticed Harold
  7403 | D:9      | Gained mutation: A meltable icy envelope protects you from
                  | harm. (AC +8) [demonic ancestry]
  7403 | D:9      | Reached XP level 11. HP: 92/92 MP: 16/16
  7403 | D:9      | Noticed a brown ugly thing
  7413 | D:9      | Killed a tengu warrior
  7417 | D:9      | Killed Harold
  7429 | D:9      | Killed a brown ugly thing
  7555 | D:9      | Found Giufy's Distillery.
  7663 | D:9      | Reached skill level 5 in Armour
  7811 | D:10     | Entered Level 10 of the Dungeon
  7855 | D:10     | Noticed an orc sorcerer
  7857 | D:10     | Noticed a sun demon
  7859 | D:10     | Noticed a sixfirhy
  7864 | D:10     | Noticed a sun demon
  7869 | D:10     | Killed an orc sorcerer
  7870 | D:10     | Noticed a deep elf zephyrmancer
  7878 | D:10     | Noticed an orc sorcerer
  7878 | D:10     | Killed a deep elf zephyrmancer
  7885 | D:10     | Paralysed by an orc sorcerer for 2 turns
  7887 | D:10     | Killed an orc sorcerer
  7893 | D:10     | Noticed an ogre mage
  7900 | D:10     | Killed an ogre mage
  7903 | D:10     | Noticed a boulder beetle
  7910 | D:10     | Killed a boulder beetle
  7917 | D:10     | Identified the +10 dire flail of Alall {pain, rElec Str+3}
  7917 | D:10     | Noticed a deep elf pyromancer
  7923 | D:10     | Killed a deep elf pyromancer
  7923 | D:10     | Noticed a skeletal warrior
  7933 | D:10     | Killed a skeletal warrior
  7948 | D:10     | Noticed a skeletal warrior
  7954 | D:10     | Killed a skeletal warrior
  8201 | D:10     | Noticed a red ugly thing
  8216 | D:10     | Killed a red ugly thing
  8217 | D:10     | Noticed a seven-headed hydra
  8221 | D:10     | Reached XP level 12. HP: 102/102 MP: 18/18
  8232 | D:10     | Killed a seven-headed hydra
  8377 | D:10     | Found a flagged portal.
  8389 | Bailey   | Entered a bailey
  8918 | D:10     | Got the Disquisition on Talus and Sublimation
  9073 | D:11     | Found a staircase to the Lair.
  9073 | D:11     | Noticed a death yak
  9093 | D:11     | Killed a death yak
  9168 | D:11     | Found a staircase to the Orcish Mines.
  9228 | D:11     | Found a roughly hewn altar of Beogh.
  9296 | D:11     | Reached skill level 10 in Invocations
  9378 | D:11     | Noticed Sonja
  9386 | D:11     | Sonja changed into Sonja the warg
  9386 | D:11     | Noticed Sonja
  9388 | D:11     | Killed Sonja the warg
  9740 | D:12     | Noticed a two-headed ogre
  9752 | D:12     | Killed a two-headed ogre
  9843 | D:12     | Noticed a boulder beetle
  9851 | D:12     | Killed a boulder beetle
 10362 | D:13     | Noticed a tengu warrior
 10370 | D:13     | Killed a tengu warrior
 10422 | D:13     | Gained mutation: A meltable icy envelope protects you from
                  | harm. (AC +8) [demonic ancestry]
 10422 | D:13     | Reached XP level 13. HP: 112/112 MP: 21/21
 10728 | D:13     | Noticed an ironbound preserver
 10730 | D:13     | Found a gate to the Vaults.
 10743 | D:13     | Killed an ironbound preserver
 11656 | D:14     | Found an iron altar of Okawaru.
 11935 | D:15     | Entered Level 15 of the Dungeon
 12025 | D:15     | Noticed a dire elephant
 12038 | D:15     | Killed a dire elephant
 12511 | D:6      | Bought -1 gold dragon scales for 750 gold pieces
 13251 | D:15     | Found a staircase to the Depths.
 13416 | D:15     | Identified the flux talisman "Jabahy" {rElec Str+7 Dex-2}
 13474 | D:15     | Gained mutation: You have a pair of horns on your head.
                  | [demonic ancestry]
 13474 | D:15     | Reached XP level 14. HP: 115/121 MP: 23/23
 13867 | Lair:1   | Entered Level 1 of the Lair of Beasts
 13999 | Lair:1   | Identified the serpent talisman "Kuutsiw" {rCorr Dex+3}
 15204 | Lair:2   | Noticed Urug
 15211 | Lair:2   | Killed Urug
 15620 | Lair:2   | Noticed Gastronok
 15632 | Lair:2   | Killed Gastronok
 15844 | Lair:2   | Found a staircase to the Swamp.
 16202 | Lair:3   | Found the +4 robe of Folly {Brill Will-∞ Int+8}
 16228 | Lair:3   | Reached skill level 15 in Fighting
 16253 | Lair:3   | Identified the +3 leather armour "Goawn" {rPois}
 16527 | Lair:3   | Found a staircase to the Snake Pit.
 17250 | Lair:4   | Found a transporter.
 17319 | Lair:4   | Found a transporter.
 17381 | Lair:4   | Reached skill level 15 in Polearms
 17406 | Lair:4   | Noticed Rupert
 17424 | Lair:4   | HP: 5/123 [Rupert/+3 great sword of holy wrath (17)]
 17424 | Lair:4   | Slain by Rupert

Illustrated notes

Levels and vault maps discovered:
D:1:      minmay_arrival_doors, layout_loops_ring, serial_shops,
          nicolae_shop_rolling_square
D:2:      layout_loops_ring, serial_bayou_pond_a, uniq_natasha
D:3:      cheibrodos_old_hovel, layout_basic, lemuel_blue_sif_altar,
          nicolae_overflow_ecumenical_swirl, grunt_gozag_breadcrumbs, hex_tiny
D:4:      layout_loops_corners, makhleb_blood_cavern_becter, enter_ossuary_5,
          serial_shops, shop, minmay_bent
D:5:      layout_basic, minmay_circle_x
D:6:      layout_basic, nicolae_ru_awakened_eye,
          mainiacjoe_overflow_tiny_flanked, mainiacjoe_overflow_alcove_4,
          minmay_temple_entry_offerings, serial_shops, shop_statue,
          grunt_ministairs_4, minmay_misc_feat_plants, minmay_shop_damaged,
          nicolae_concentric_dashed_squares_wild, minmay_quadrilaterals
D:7:      layout_loops_corners, minmay_statues_item, uniq_maggie, uniq_joseph
D:8:      layout_rooms, nicolae_overflow_hidden_temple,
          mainiacjoe_overflow_six_doors_small, gammafunk_ghost_nasty_kobolds,
          monkooky_shop_mail_order
D:9:      layout_rooms, serial_shops, nicolae_shop_industrial_runoff,
          minmay_radiant, uniq_harold
D:10:     layout_loops_ring, enter_bailey_7, minmay_the_grid_2x2
          [minmay_the_grid_tri_star, minmay_the_grid_minigrid_small_alt,
          minmay_the_grid_zigzag_pyramid, minmay_the_grid_prize_trominoes]
D:11:     layout_basic, dpeg_lair_monsters, minmay_orc_entry_temple_small,
          uniq_sonja
D:12:     layout_rooms
D:13:     layout_long_grid, hellmonk_vaults_order_and_chaos
D:14:     layout_loops_corners, okawaru_ov_weapons_minmay, grunt_ogre_cave,
          minmay_misc_feat_iff
D:15:     hangedman_depths_entry_try_elsewhere_first, layout_basic,
          wad_woods_river_04
Temple:   cyrus_circular_temple
Lair:1:   beast_lair_carwin_large_2, layout_layer_cave, grunt_megastairs_1
Lair:2:   layout_regular_city, minmay_swamp_entry_worms, uniq_gastronok,
          uniq_urug
Lair:3:   layout_layer_cave, dummy_snake_entry, dreamdust_deal_with_the_devil,
          beast_lair_carwin_3
Lair:4:   layout_regular_city, dpeg_slime_entry_enclosed,
          gammafunk_ghost_abyssal_escape, lemuel_centaur_altar, uniq_rupert

Skill      XL: |  1  2  3  4  5  6  7  8  9 10 11 12 13 14 |
---------------+-------------------------------------------+-----
Polearms       | 3 4 5 6 7 9 10 11 12 13 15 | 15.0
Fighting       | 3 4 5 7 8 10 12 13 14 15 | 15.2
Invocations    | 4 6 9 10 12 13 | 13.9
Armour         | 2 4 6 7 8 9 |  9.8
Throwing       | |  1.7
Dodging        | |  2.6

Action                     |  1- 3 |  4- 6 |  7- 9 | 10-12 | 13-15 || total
---------------------------+-------+-------+-------+-------+-------++-------
  Melee: Trident           |   104 |   183 |   277 |    29 |    59 ||   652
         Headbutt          |     7 |    32 |    56 |    81 |   147 ||   323
         Halberd           |       |       |    18 |   478 |   494 ||   990
         Demon trident     |       |       |       |       |     2 ||     2
  Throw: Throwing net      |       |       |     2 |       |       ||     2
         Dart              |       |       |       |       |     1 ||     1
 Invoke: Grand Finale      |       |       |       |     3 |     3 ||     6
  Evoke: Wand              |       |       |       |    14 |     1 ||    15
    Use: Scroll            |     1 |     6 |    13 |     7 |     5 ||    32
         Potion            |     3 |       |       |     3 |     4 ||    10
   Stab: Sleeping          |     4 |     1 |     1 |       |       ||     6
         Distracted        |       |     2 |       |       |       ||     2
         Paralysed         |       |       |     7 |    45 |    46 ||    98
         Held in net/web   |       |       |     2 |       |       ||     2
         Petrified         |       |       |       |       |     2 ||     2
 Armour: Leather armour    |    50 |    64 |    43 |       |       ||   157
         Chain mail        |       |       |    51 |       |       ||    51
         Plate armour      |       |       |       |   294 |   139 ||   433
         Gold dragon scale |       |       |       |       |   227 ||   227
  Dodge: Dodged            |    44 |    46 |    46 |    70 |    50 ||   256
         Repelled          |       |       |     2 |    15 |     6 ||    23
  Block: Other             |     5 |    43 |    58 |   146 |   111 ||   363

Table legend: (Time is in decaauts)
 A = Elapsed time spent in this place.
 B = Non-inter-level travel time spent in this place.
 C = Inter-level travel time spent in this place.
 D = Time resting spent in this place.
 E = Time spent auto-exploring this place.
 F = Levels seen in this place.
 G = Mean time per level.
                   A        B        C        D        E       F      G
               +--------+--------+--------+--------+--------+-----+--------+
         Total |  17283 |  15973 |   1310 |    449 |  12047 |  22 |  785.6 |
       Dungeon |  12985 |  11740 |   1245 |    443 |   8713 |  15 |  865.7 |
        Temple |      1 |      1 |      0 |      0 |      0 |   1 |    1.0 |
          Lair |   3488 |   3423 |     65 |      0 |   2928 |   4 |  872.0 |
       Ossuary |    431 |    431 |      0 |      0 |    193 |   1 |  431.0 |
        Bailey |    377 |    377 |      0 |      6 |    211 |   1 |  377.0 |
               +--------+--------+--------+--------+--------+-----+--------+

Top non-repeatable levels by time:
  Lair:1: 1286 daAuts
    D:15: 1194 daAuts
    D:14: 1142 daAuts
     D:6: 1139 daAuts
  Lair:3: 1094 daAuts
     D:7: 1066 daAuts
     D:3: 890 daAuts
    D:10: 890 daAuts
     D:4: 871 daAuts
  Lair:2: 807 daAuts
     D:1: 802 daAuts
    D:11: 768 daAuts
     D:8: 758 daAuts
     D:2: 734 daAuts
    D:13: 709 daAuts
